 Dungeon Crawl Stone Soup version 0.25-a0-566-g062765be81 (console) character file.

Game seed: 1187460120350476222, levelgen mode: classic

478 Duffy the Chopper (level 7, -2/60 HPs)
             Began as a Naga Gladiator on Feb 27, 2020.
             Slain by a scorpion (5 damage)
             ... on level 4 of the Dungeon.
             The game lasted 00:03:02 (3313 turns).

Duffy the Chopper (Naga Gladiator)                  Turns: 3313, Time: 00:03:02

Health: -2/60      AC:  6    Str: 16    XL:     7   Next: 11%
Magic:  7/7        EV:  8    Int: 10    God:
Gold:   132        SH:  0    Dex: 13    Spells: 6/6 levels left

rFire    . . .     SeeInvis +   a - +0 war axe
rCold    . . .     Gourm    .   (no shield)
rNeg     . . .     Faith    .   h - +0 scale mail
rPois    +         Spirit   .   c - +0 helmet
rElec    .         Reflect  .   (no cloak)
rCorr    .         Harm     .   (no gloves)
MR       .....                  (no barding)
Stlth    ..........             (no amulet)
HPRegen  0.20/turn              (no ring)
MPRegen  0.10/turn              (no ring)

@: about to teleport, very slow
A: large, see invisible, deformed body, poison resistance, slowness 2, slow
metabolism 1, spit poison 1, AC +2
a: Spit Poison


You were on level 4 of the Dungeon.
You were hungry.

You visited 1 branch of the dungeon, and saw 4 of its levels.

You collected 132 gold pieces.

Inventory:

Hand Weapons
 a - a +0 war axe (weapon)
Missiles
 d - 3 throwing nets (quivered)
Armour
 c - a +0 helmet (worn)
 h - a +0 scale mail (worn)
 l - a +1 robe of magic resistance
Wands
 n - a wand of flame (17)
Scrolls
 k - a scroll of identify
 p - a scroll of amnesia {unknown}
 q - 2 scrolls of remove curse {unknown}
Potions
 b - 2 potions of degeneration {unknown}
 e - a potion of heal wounds {unknown}
 g - a potion of berserk rage {unknown}
 i - a potion of flight {unknown}
 j - a potion of cancellation {unknown}
 o - a potion of ambrosia {unknown}
Comestibles
 f - 5 rations


   Skills:
 - Level 2.0 Fighting
 + Level 7.9 Axes
 - Level 1.7 Throwing
 - Level 2.4 Dodging


You had 6 spell levels left.
You didn't know any spells.
Your spell library was empty.

Dungeon Overview and Level Annotations

Branches:
Dungeon (4/15)
 Temple: D:4-7

Altars:
Fedhas
Nemelex Xobeh

Annotations:
D:3 2 transporters, exclusion: oklob plant, Danqa's ghost, amateur SpEn; Grinder
D:4 Eustachio


Innate Abilities, Weirdness & Mutations

You cannot wear boots.
Your serpentine skin is tough. (AC +2)
You have supernaturally acute eyesight. (SInv)
Armour fits poorly on your strangely shaped body.
Your system is resistant to poisons. (rPois)
You cover ground very slowly.
You have a slow metabolism.
You can spit poison.


Message History

Found 15 gold pieces and a scroll labeled CISEWE TUNUAW.
Found 12 gold pieces.
Press: ? - help, Shift-Dir - straight line, f - scorpion
Aim: a scorpion The splash of poison hits the scorpion but does no damage.
The scorpion is poisoned.
You are feeling hungry.
Your scale mail prevents you from hitting the scorpion.
The scorpion is moderately wounded.
The scorpion stings you but does no damage.
Your scale mail prevents you from hitting the scorpion.
The scorpion is moderately wounded.
The scorpion stings you.
Your scale mail prevents you from hitting the scorpion.
The scorpion is heavily wounded.
You have got your breath back.
The scorpion stings you.
As you read the scroll of teleportation, it crumbles to dust.
You feel strangely unstable. The scorpion stings you.
You die...

#......... ..#...#
....##..... .###...
#.......... ..#....
#.......... .......
#.........# .......##
........... #......##
...........# #.....#
...........# #@# ##
.....##...##
...#.##s#$.#.....##...###
..............#..Y.......
......#..#..####.....!...
.....#...# .# #....b....%
#......... # #..h.r.....
.........#. #...##..@.r.
?........##. #... ###..#%
.$........ .. .. #...)


You could see a scorpion.

Vanquished Creatures
  Sigmund (D:2)
  A howler monkey (D:4)
  An orc wizard (D:4)
  Jessica (D:2)
  Terence (D:2)
  An iguana (D:4)
  A worker ant (D:4)
  Robin (D:2)
  5 adders
  2 worms (D:2)
  3 leopard geckos
  2 orcs (D:3)
  2 ball pythons
  10 bats
  5 giant cockroaches
  13 goblins
  13 hobgoblins
  2 jackals (D:4)
  2 quokkas
  4 frilled lizards
  A jackal skeleton (D:4)
  3 kobolds
  10 rats
85 creatures vanquished.

Notes
Turn   | Place    | Note
-------+----------+-------------------------------------------
     0 | D:1      | Duffy the Naga Gladiator began the quest for the Orb.
     0 | D:1      | Reached XP level 1. HP: 19/19 MP: 1/1
   160 | D:1      | Reached XP level 2. HP: 22/26 MP: 2/2
   539 | D:1      | Reached skill level 4 in Axes
   713 | D:1      | Reached XP level 3. HP: 32/32 MP: 3/3
  1450 | D:2      | Noticed Terence
  1454 | D:2      | Killed Terence
  1454 | D:2      | Reached XP level 4. HP: 39/39 MP: 4/4
  1465 | D:2      | Noticed Jessica
  1470 | D:2      | Killed Jessica
  1470 | D:2      | Reached skill level 5 in Axes
  1789 | D:2      | Noticed Robin
  1797 | D:2      | Reached XP level 5. HP: 43/45 MP: 5/5
  1807 | D:2      | Killed Robin
  2127 | D:2      | Found a sparkling altar of Nemelex Xobeh.
  2415 | D:3      | Noticed Sigmund
  2587 | D:2      | Killed Sigmund
  2587 | D:2      | Reached skill level 7 in Axes
  2587 | D:2      | Reached XP level 6. HP: 37/52 MP: 6/6
  2774 | D:3      | Found a blossoming altar of Fedhas.
  2797 | D:3      | Noticed an oklob plant
  2966 | D:3      | Found a transporter.
  2967 | D:3      | Found a transporter.
  2996 | D:3      | Noticed Danqa's ghost (amateur SpEn)
  3044 | D:3      | Noticed Grinder
  3291 | D:4      | Reached XP level 7. HP: 24/60 MP: 7/7
  3300 | D:4      | Noticed Eustachio
  3312 | D:4      | HP: 3/60 [scorpion (3)]
  3313 | D:4      | Slain by a scorpion

Levels and vault maps discovered:
D:1:      dpeg_arrival_shelter, layout_loops_ring, serial_forest,
          infiniplex_forest_lined_ring, infiniplex_forest_3_way,
          infiniplex_forest_clump_tiny, infiniplex_forest_3_way,
          infiniplex_forest_clump_long, infiniplex_forest_clump_long,
          infiniplex_forest_clump_tiny, infiniplex_forest_clump_small
D:2:      layout_loops_ring, first_ration, nemelex_diamond_rough_becter,
          uniq_robin, uniq_terence, uniq_jessica
D:3:      layout_rooms, lemuel_coloured_pillars_altar,
          gammafunk_ghost_mausoleum, tgw_fedhas, uniq_sigmund, uniq_grinder
D:4:      layout_cave_pools, minmay_strange_pillars, minmay_fractal_squares_5,
          uniq_crazy_yiuf_cottage, uniq_eustachio

Skill      XL: |  1  2  3  4  5 |
---------------+----------------+-----
Axes           | 4 5 7 |  7.9
Fighting       | |  2.0
Throwing       | |  1.7
Dodging        | |  2.4

Action                   |  1- 3 |  4- 6 |  7- 9 || total
-------------------------+-------+-------+-------++-------
Melee: War axe           |   102 |   160 |    10 ||   272
 Abil: Spit Poison       |     1 |     6 |     1 ||     8
  Use: Scroll            |       |       |     3 ||     3
  Eat: Chunk             |     1 |     5 |       ||     6
Armor: Leather armour    |    23 |       |       ||    23
       Scale mail        |    32 |    98 |     2 ||   132
Dodge: Dodged            |    93 |    68 |     1 ||   162

Table legend:
 A = Non-vault XP
 B = Vault XP
 C = Vault XP percentage of total XP
 D = Non-vault monster count
 E = Vault monster count
 F = Vault count percentage of total count
                 A         B        C        D         E       F
            +---------+---------+-------+---------+---------+-------
      Total |     213 |     470 |  68.8 |      67 |      18 |  21.2
            +---------+---------+-------+---------+---------+-------
        D:1 |      44 |       0 |   0.0 |      25 |       0 |   0.0
        D:2 |      78 |     340 |  81.3 |      21 |      15 |  41.7
        D:3 |      51 |       0 |   0.0 |      16 |       0 |   0.0
        D:4 |      40 |     130 |  76.5 |       5 |       3 |  37.5
            +---------+---------+-------+---------+---------+-------
